AoeStats
← Jafarr

Arena

509976360Analyzed
4v4 RM · 4d ago on Sep 28, 2026· 35m 59s· 8 players
Game mode
Random Map
Map size
Large (8 player)
Population
200
Speed
Normal
Resources
Standard
Victory
Conquest
Starting age
Dark Age
Ending age
Imperial Age
RankedLock teamsTeams togetherTeam positionsShared explorationLock speedFull tech treeHidden civsTurbo modeCheats
Victory
Defeat
🇺🇸 Varangians · United States
1381
+17
1366
+17
🇺🇸 Malay · United States
1300
+20
🇦🇷 Teutons · Argentina
1295
+20
🇨🇱 Italians · Chile
1490
-22
🇨🇱 Inca · Chile
1400
-19
🇨🇱 Franks · Chile
1396
-19
🇨🇱 Persians · Chile
1278
-14
Tattletale Strangler
8:35 Feudal Age
8:29 Double-Bit Axe
12:49 Gold Mining
17:43 Castle Age
15:28 Loom
16:38 Fletching
17:09 Town Watch
18:01 Loom
18:38 Crossbowman
19:48 Bodkin Arrow
27:13 Imperial Age
28:03 Chemistry
27:06 Bracer
29:28 Ballistics
30:04 Arbalester
Jafarr
9:44 Feudal Age
13:39 Castle Age
11:32 Double-Bit Axe
11:46 Horse Collar
15:24 Bow Saw
16:40 Heavy Plow
21:53 Wheelbarrow
22:38 Gold Mining
23:44 Loom
24:55 Stone Mining
25:52 Hand Cart
29:35 Imperial Age
27:23 Squires
27:34 Forging
28:27 Stone Shaft Mining
27:39 Town Watch
27:57 Arson
28:14 Scale Mail Armor
29:59 Chain Mail Armor
30:21 Iron Casting
29:49 Gambesons
30:06 Elite Varangian Guard
31:32 Conscription
31:24 Gothikon
32:44 Fletching
33:22 Ballistics
34:13 Capped Ram
36:11 Two-Man Saw
36:41 Chemistry
Combi | NITRAMDELANIEVE
10:34 Feudal Age
14:42 Castle Age
12:32 Horse Collar
12:46 Double-Bit Axe
15:36 Bow Saw
15:31 Heavy Plow
20:02 Wheelbarrow
22:11 Hand Cart
22:57 Gold Mining
23:54 Scale Barding Armor
24:24 Husbandry
25:45 Gold Shaft Mining
25:29 Bloodlines
30:40 Imperial Age
28:48 Chain Barding Armor
28:49 Forging
30:21 Stone Mining
31:20 Iron Casting
30:49 Heavy Camel Rider
32:06 Plate Barding Armor
32:14 Plate Barding Armor
32:17 Conscription
33:33 Blast Furnace
32:48 Imperial Camel Rider
Haniek!!
6:22 Loom
9:19 Feudal Age
10:50 Fletching
11:32 Double-Bit Axe
18:32 Horse Collar
24:23 Castle Age
23:35 Gold Mining
24:14 Horse Collar
27:31 Scale Mail Armor
31:27 Wheelbarrow
33:08 Forging
34:19 Chain Mail Armor
35:05 Ironclad
35:20 Squires
35:05 Arson
36:15 Town Watch
36:48 Hand Cart
joseto.lld
10:22 Feudal Age
10:58 Loom
14:43 Castle Age
21:39 Double-Bit Axe
23:59 Horse Collar
25:09 Bow Saw
26:19 Town Watch
27:10 Wheelbarrow
34:08 Imperial Age
32:41 Forging
33:01 Fletching
33:12 Scale Mail Armor
33:12 Padded Archer Armor
34:07 Heavy Plow
34:01 Gold Mining
mnelias
4:40 Loom
9:50 Feudal Age
13:55 Castle Age
13:14 Double-Bit Axe
16:56 Town Watch
21:53 Crossbowman
23:18 Fletching
26:14 Bodkin Arrow
27:09 Horse Collar
28:50 Wheelbarrow
30:36 Town Patrol
31:19 Hand Cart
31:11 Heavy Plow
Luchod_95
7:26 Loom
10:43 Feudal Age
11:06 Feudal Age
15:15 Castle Age
14:08 Double-Bit Axe
15:08 Forging
15:06 Scale Barding Armor
15:12 Gold Mining
16:39 Husbandry
22:32 Forging
23:34 Bow Saw
25:04 Wheelbarrow
28:56 Hand Cart
29:43 Chain Barding Armor
31:58 Imperial Age
30:08 Town Watch
32:02 Iron Casting
33:33 Plate Barding Armor
32:21 Light Cavalry
32:32 Cavalier
36:25 Blast Furnace
Maniacvlr1
6:13 Loom
6:58 Loom
7:02 Loom
9:07 Feudal Age
10:23 Feudal Age
10:41 Loom
13:00 Wheelbarrow
14:40 Castle Age
13:28 Double-Bit Axe
13:24 Horse Collar
18:59 Scale Barding Armor
21:29 Bloodlines
21:19 Husbandry
24:47 Wheelbarrow
25:56 Chain Barding Armor
27:04 Forging
28:29 Iron Casting
38:59 Imperial Age
Connection lost

Rejoining the realm…

Still unreachable

The connection could not be restored.

Session expired

The server has moved on; the page needs a fresh start.